 Dungeon Crawl Stone Soup version 0.18.1-50-g88ac8fd (webtiles) character file.

40 spiff the Insei (level 3, 0/17 HPs)
             Began as a Vine Stalker Transmuter on Sept 27, 2016.
             Succumbed to an adder's poison
             ... on level 2 of the Dungeon.
             The game lasted 00:02:57 (839 turns).

spiff the Insei (Vine Stalker Transmuter)            Turns: 839, Time: 00:02:58

Health: 0/17       AC:  2    Str: 13    XL:     3   Next: 50%
Magic:  1/7        EV: 12    Int: 13    God:
Gold:   40         SH:  0    Dex: 14    Spells: 1 memorised, 5 levels left

rFire  . . .     SeeInvis .       - Unarmed
rCold  . . .     Gourm    .     b - +0 robe
rNeg   . . .     Faith    .     (no shield)
rPois  .         Spirit   +     (no helmet)
rElec  .         Dismiss  .     (no cloak)
rCorr  .         Reflect  .     (no gloves)
SustAt .         Harm     .     (no boots)
MR     .....                    (no amulet)
Stlth  +.........               (no ring)
                                (no ring)

@: lethally poisoned (0 -> -8), not resistant to hostile enchantments, very
unstealthy
A: fangs 2, regeneration 1, magic shield, antimagic bite, no device heal 3, rot
immunity
a: no special abilities


You were on level 2 of the Dungeon.
You were not hungry.

You visited 1 branch of the dungeon, and saw 2 of its levels.

You collected 40 gold pieces.

Inventory:

Missiles
 a - 12 arrows
Armour
 b - a +0 robe (worn)
Scrolls
 g - a scroll of enchant armour {unknown}
 h - a scroll of enchant weapon {unknown}
 i - a scroll of magic mapping {unknown}
Potions
 e - a potion of magic {unknown}
 f - a potion of agility {unknown}
 k - a potion of resistance {unknown}
Books
 c - a book of Changes

   Spells                             Type                      Level
   a - Beastly Appendage              Transmutation                1
   b - Sticks to Snakes               Transmutation                2
   c - Spider Form                    Transmutation/Poison         3
   d - Ice Form                       Ice/Transmutation            4
   e - Blade Hands                    Transmutation                5
Comestibles
 d - 2 bread rations
 j - a beef jerky
 l - 4 chunks of flesh
 m - a meat ration


   Skills:
 - Level 0.8 Fighting
 - Level 1.5 Dodging
 + Level 4.4 Unarmed Combat
 - Level 2.1 Spellcasting
 - Level 2.0 Transmutations


You had 5 spell levels left.
You knew the following spells:

 Your Spells              Type           Power        Failure   Level  Hunger
a - Beastly Appendage     Trmt           #.....       12%         1    ##.....


Dungeon Overview and Level Annotations

Branches:
Dungeon (2/15)

Altars:


Innate Abilities, Weirdness & Mutations

You have extremely sharp teeth.
Your natural rate of healing is unusually fast.
When hurt, damage is shared between your health and your magic reserves.
Your bite disrupts and absorbs the magic of your enemies.
Potions and wands cannot restore your health.
You are immune to rotting.


Message History

* * * LOW HITPOINT WARNING * * *
You feel sick. The adder bites you but does no damage.
You closely miss the adder.
The adder is almost dead.
* * * LOW HITPOINT WARNING * * *
You feel sick. The adder bites you.
* * * LOW HITPOINT WARNING * * *
You closely miss the adder.
The adder is almost dead.
The adder bites you but does no damage. The adder bites you.
* * * LOW HITPOINT WARNING * * *
You are more poisoned.
The adder poisons you!
You completely miss the adder.
The adder is almost dead.
* * * LOW HITPOINT WARNING * * *
You feel sick. The adder misses you.
You miss the adder.
The adder is almost dead.
You die...

#...#.#.##..#. #.
............. # ##.
#........##. #.#...
#....#..###. #.....
######.#.......#.
......##......#.......#.
.......#.....(#.......##
.........)((.(.....<....
......S@.(....#......##.
.......)......##<#......
.......#......##.###.###
.##...##########.. ...
#### ###. .... ## .. ..
# #


You could see an adder.

Vanquished Creatures
  An adder (D:2)
  A dart slug (D:1)
  A ball python (D:1)
  2 giant cockroaches
  4 goblins (D:1)
  3 hobgoblins (D:2)
  4 bats (D:1)
  2 giant newts (D:1)
  7 kobolds
  3 rats (D:1)
28 creatures vanquished.

Notes
Turn   | Place    | Note
--------------------------------------------------------------
     0 | D:1      | spiff the Vine Stalker Transmuter began the quest for the Orb.
     0 | D:1      | Reached XP level 1. HP: 9/9 MP: 4/4
    58 | D:1      | Reached XP level 2. HP: 12/14 MP: 3/6
   504 | D:1      | Reached skill level 4 in Unarmed Combat
   672 | D:2      | Reached XP level 3. HP: 15/17 MP: 7/7
   839 | D:2      | Succumbed to an adder's poison

Skill      XL: |  1  2 |
---------------+-------+-----
Unarmed Combat | 4 |  4.4
Fighting       | |  0.8
Dodging        | |  1.5
Spellcasting   | |  2.1
Transmutations | |  2.0

Action                   || total
-------------------------++-------
Melee: Unarmed           ||    96
       Bite              ||    16
       Kick              ||     5
       Headbutt          ||     4
       Punch             ||     1
 Cast: Beastly Appendage ||    16
 Stab: Sleeping          ||     1
Armor: Robe              ||    25
Dodge: Dodged            ||    73
